 Dungeon Crawl Stone Soup version 0.23.2-1-ga50397a (webtiles) character file.

Game seed: 9244509900693710116

56 Kairos the Charmwright (level 3, 0/31 HPs)
             Began as a Gnoll Skald on Apr 22, 2019.
             Succumbed to an adder's poison
             ... on level 2 of the Dungeon.
             The game lasted 00:02:07 (938 turns).

Kairos the Charmwright (Gnoll Skald)                 Turns: 938, Time: 00:02:08

Health: 0/31       AC:  3    Str: 14    XL:     3   Next: 95%
Magic:  7/9        EV: 14    Int: 15    God:
Gold:   38         SH:  0    Dex: 14    Spells: 11/12 levels left

rFire    + . .     SeeInvis .   a - +0 spear
rCold    + . .     Gourm    .   (no shield)
rNeg     . . .     Faith    .   b - +0 leather armour
rPois    +         Spirit   .   (no helmet)
rElec    +         Reflect  .   (no cloak)
rCorr    +         Harm     .   (no gloves)
MR       .....                  (no boots)
Stlth    +.........             (no amulet)
HPRegen  0.10/turn              (no ring)
MPRegen  0.11/turn              (no ring)

@: lethally poisoned (0 -> -4), resistant, infused (expiring)
A: distributed training, fangs 1, strong nose
a: no special abilities


You were on level 2 of the Dungeon.
You were not hungry.

You visited 1 branch of the dungeon, and saw 2 of its levels.

You collected 38 gold pieces.

Inventory:

Hand Weapons
 a - a +0 spear (weapon)
 i - a +0 short sword of speed
Armour
 b - a +0 leather armour (worn)
 e - a +0 scale mail
Jewellery
 c - an uncursed amulet of guardian spirit {unknown}
Scrolls
 g - a scroll of teleportation {unknown}
 h - a scroll of amnesia
Comestibles
 d - a ration


   Skills:
 + Level 4.6 Fighting
 + Level 1.0 Short Blades
 + Level 1.0 Long Blades
 + Level 1.0 Axes
 + Level 1.0 Maces & Flails
 + Level 4.6 Polearms
 + Level 1.0 Staves
 + Level 1.0 Slings
 + Level 1.0 Bows
 + Level 1.0 Crossbows
 + Level 1.0 Throwing
 + Level 2.6 Armour
 + Level 4.6 Dodging
 + Level 1.0 Stealth
 + Level 1.0 Shields
 + Level 1.0 Unarmed Combat
 + Level 5.0 Spellcasting
 + Level 0.7 Conjurations
 + Level 0.7 Hexes
 + Level 5.4 Charms
 + Level 0.7 Summonings
 + Level 0.7 Necromancy
 + Level 0.7 Translocations
 + Level 0.7 Transmutations
 + Level 0.7 Fire Magic
 + Level 0.7 Ice Magic
 + Level 0.7 Air Magic
 + Level 0.7 Earth Magic
 + Level 0.7 Poison Magic
 + Level 1.0 Invocations
 + Level 1.0 Evocations


You had 11 spell levels left.
You knew the following spells:

 Your Spells              Type           Power        Failure   Level  Hunger
a - Infusion              Chrm           ###.         2%          1    None

Your spell library contained the following spells:

 Spells                   Type           Power        Failure   Level  Hunger
 Song of Slaying          Chrm           ###.....     3%          2    ##.....
 Shroud of Golubria       Chrm/Tloc      ##........   9%          2    ##.....
 Regeneration             Chrm/Necr      ##........   17%         3    ###....
 Spectral Weapon          Hex/Chrm       ##......     17%         3    ###....


Dungeon Overview and Level Annotations

Branches:
Dungeon (2/15)

Altars:


Innate Abilities, Weirdness & Mutations

Your experience applies equally to all skills.
You have very sharp teeth.
Your uncanny sense of smell can sniff out nearby items.


Message History

* * * LOW HITPOINT WARNING * * *
You feel sick.
You climb downwards.
* * * LOW HITPOINT WARNING * * *
You feel sick. The bat misses you.
There is a stone staircase leading up, spattered with blood here.
You hit the bat.
You kill the bat!
* * * LOW HITPOINT WARNING * * *
You feel sick.
A kobold comes into view.
It is wielding a +2 short sword of venom.
* * * LOW HITPOINT WARNING * * *
You feel sick.
There is a stone staircase leading up, spattered with blood here.
* * * LOW HITPOINT WARNING * * *
You feel sick.
Your magical infusion is running out.
* * * LOW HITPOINT WARNING * * *
You feel sick.
You die...

############
#......<[..#
#@###......#
#.# #.....<###
#.# #........#
#.#
#............K
#.#
#............[
#.#
#............(
#.#
#......######.
#.. ########


There were no monsters in sight!

Vanquished Creatures
  2 adders
  A leopard gecko (D:1)
  7 bats
  2 giant cockroaches (D:1)
  3 goblins
  5 hobgoblins (D:1)
  4 frilled lizards
  7 kobolds
  5 rats (D:1)
36 creatures vanquished.

Notes
Turn   | Place    | Note
-------+----------+-------------------------------------------
     0 | D:1      | Kairos the Gnoll Skald began the quest for the Orb.
     0 | D:1      | Reached XP level 1. HP: 20/20 MP: 6/6
   171 | D:1      | Reached XP level 2. HP: 26/26 MP: 7/7
   655 | D:1      | Reached XP level 3. HP: 27/31 MP: 9/9
   663 | D:1      | Reached skill level 5 in Spellcasting
   788 | D:2      | Reached skill level 1 in Invocations
   924 | D:1      | Reached skill level 1 in Short Blades
   924 | D:1      | Reached skill level 1 in Long Blades
   924 | D:1      | Reached skill level 1 in Axes
   924 | D:1      | Reached skill level 1 in Maces & Flails
   924 | D:1      | Reached skill level 1 in Staves
   924 | D:1      | Reached skill level 1 in Slings
   924 | D:1      | Reached skill level 1 in Bows
   924 | D:1      | Reached skill level 1 in Crossbows
   924 | D:1      | Reached skill level 1 in Throwing
   924 | D:1      | Reached skill level 1 in Stealth
   924 | D:1      | Reached skill level 1 in Shields
   924 | D:1      | Reached skill level 1 in Unarmed Combat
   924 | D:1      | Reached skill level 1 in Evocations
   932 | D:2      | HP: 1/31 [poisoned by an adder]
   938 | D:2      | Succumbed to an adder's poison

Skill      XL: |  1  2  3 |
---------------+----------+-----
Spellcasting   | 5 |  5.0
Invocations    | 1 |  1.0
Short Blades   | 1 |  1.0
Long Blades    | 1 |  1.0
Axes           | 1 |  1.0
Maces & Flails | 1 |  1.0
Staves         | 1 |  1.0
Slings         | 1 |  1.0
Bows           | 1 |  1.0
Crossbows      | 1 |  1.0
Throwing       | 1 |  1.0
Stealth        | 1 |  1.0
Shields        | 1 |  1.0
Unarmed Combat | 1 |  1.0
Evocations     | 1 |  1.0
Fighting       | |  4.6
Polearms       | |  4.6
Armour         | |  2.6
Dodging        | |  4.6
Conjurations   | |  0.7
Hexes          | |  0.7
Charms         | |  5.4
Summonings     | |  0.7
Necromancy     | |  0.7
Translocations | |  0.7
Transmutations | |  0.7
Fire Magic     | |  0.7
Ice Magic      | |  0.7
Air Magic      | |  0.7
Earth Magic    | |  0.7
Poison Magic   | |  0.7

Action                   || total
-------------------------++-------
Melee: Spear             ||   130
       Bite              ||    13
 Cast: Infusion          ||     1
  Use: Potion            ||     3
       Scroll            ||     2
 Stab: Sleeping          ||     2
Armor: Leather armour    ||    21
Dodge: Dodged            ||    76
